 Dungeon Crawl Stone Soup version 0.29-a0-284-gf9362112df (webtiles) character file.

Game seed: 16003670218437926861

166 sammy202020 the Skirmisher (level 5, -9/47 HPs)
             Began as a Minotaur Fighter on Mar 21, 2022.
             Killed by divine providence
             ... invoked by an orc priest
              (13 damage)
             ... on level 4 of the Dungeon.
             The game lasted 00:05:21 (2564 turns).

sammy202020 the Skirmisher (Minotaur Fighter)       Turns: 2564, Time: 00:05:23

Health: -9/47      AC: 14    Str: 20    XL:     5   Next: 22%
Magic:  4/4        EV:  6    Int:  7    God:
Gold:   180        SH:  4    Dex: 10    Spells: 4/4 levels left

rFire   . . .      SeeInvis .   a - +0 war axe
rCold   . . .      Faith    .   c - +0 buckler
rNeg    + . .      Spirit   .   u - +0 plate armour
rPois   .          Reflect  .   (helmet restricted)
rElec   .          Harm     .   s - +0 cloak
rCorr   .          Rampage  .   v - +0 pair of gloves
Will    .....                   (no boots)
Stlth   ..........              (no amulet)
HPRegen 0.15/turn               m - ring of positive energy
MPRegen 0.09/turn               (no ring)

@: mighty
A: horns 2, retaliatory headbutt
a: no special abilities


You were on level 4 of the Dungeon.
You visited 1 branch of the dungeon, and saw 4 of its levels.

You collected 180 gold pieces.

Inventory:

Hand Weapons
 a - a +0 war axe (weapon)
 t - a +0 flail
Missiles
 b - 6 poisoned darts
 k - 2 throwing nets (quivered)
 r - 5 boomerangs
Armour
 c - a +0 buckler (worn)
 s - a +0 cloak (worn)
 u - a +0 plate armour (worn)
 v - a +0 pair of gloves (worn)
Jewellery
 m - a ring of positive energy (left hand)
Scrolls
 i - 2 scrolls of summoning {unknown}
 j - a scroll of teleportation {unknown}
 l - a scroll of acquirement {unknown}
 n - a scroll of enchant weapon {unknown}
 o - 2 scrolls of identify {unknown}
 p - a scroll of immolation {unknown}
 q - a scroll of vulnerability {unknown}
Potions
 e - a potion of lignification {unknown}
 f - a potion of invisibility {unknown}
 g - a potion of magic {unknown}
 h - a potion of heal wounds {unknown}


   Skills:
 * Level 4.6 Fighting
 * Level 3.9 Axes
 * Level 4.5 Armour
 + Level 1.9 Dodging
 * Level 4.5 Shields


You had 4 spell levels left.
You didn't know any spells.
Your spell library contained the following spells:

 Spells                   Type           Power      Damage    Failure   Level
 Static Discharge         Conj/Air       0%         N/A       100%        2
 Gell's Gravitas          Tloc           0%         N/A       100%        3
 Lesser Beckoning         Tloc           0%         N/A       100%        3
 Teleport Other           Tloc           0%         N/A       100%        3
 Lightning Bolt           Conj/Air       0%         1d11      100%        5
 Maxwell's Capacitive Co  Air            0%         ∞         100%        8


Dungeon Overview and Level Annotations

Branches:
Dungeon (4/15)
 Temple: D:4-7

Altars:
Fedhas
Ru
Xom


Innate Abilities, Weirdness & Mutations

You have a pair of horns on your head.
You reflexively headbutt those who attack you in melee.


Message History

* * * LOW HITPOINT WARNING * * *
The orc hits you from afar with a +0 trident.
* * * LOW HITPOINT WARNING * * *
You slash the orc!
You kill the orc!
You block the orc's attack.
You closely miss the orc. You block the orc's attack.
The orc hits you but does no damage. The orc barely misses you. x2
You barely miss the orc.
An orc comes into view. It is wielding a +0 dagger.
You block the orc's attack. The orc hits you but does no damage.
You barely miss the orc.
The orc shouts!
The orc hits you from afar with a +0 trident.
* * * LOW HITPOINT WARNING * * *
The orc hits you but does no damage.
You slash the orc!
You kill the orc!
The orc closely misses you.
An orc wizard comes into view. It is wielding a +0 dagger.
The orc barely misses you. The orc closely misses you. You furiously retaliate!
You headbutt the orc!
You kill the orc!
The orc hits you but does no damage. The orc barely misses you.
Items here: ( ))))))) ? [[[ ††††.
You slash the orc!
You kill the orc!
You slash the orc!
You kill the orc!
You closely miss the orc priest. You barely miss the orc wizard.
The orc priest hits you but does no damage.
The orc wizard hits you but does no damage.
You hit the orc priest. Your headbutt misses the orc priest.
The orc priest is moderately wounded.
You barely miss the orc wizard.
The orc priest looks satisfied for a moment.
The orc wizard hits you but does no damage.
The orc priest calls down the wrath of Beogh upon you.
Beogh smites you!
You die...

#..|# ≈≈≈≈ #..#≈≈#≈≈#
####..#≈≈≈≈≈≈ ##
####.....#≈≈#≈≈≈ #.#
#........##≈≈≈≈≈ #..#
#.#.......≈≈≈≈#≈ #...#
#)##......###≈≈#
#..###)##........##≈≈ .
#.o@)............ ..
....##.o##....########...
#.....####...# . #.....#
..#.# . #.#.#.. ..... .
......... ...## #
#.#........ #..# #
...<........
#.#..........


You could see an orc priest and an orc wizard.

Vanquished Creatures
  2 orc wizards (D:4)
  4 adders
  2 worms (D:2)
  2 dart slugs (D:1)
  12 orcs
  3 endoplasms (D:2)
  3 giant cockroaches
  6 hobgoblins
  4 jackals (D:2)
  4 kobolds (D:2)
  5 ball pythons
  4 bats
  3 frilled lizards
  3 goblins (D:1)
  2 rats (D:2)
59 creatures vanquished.

Notes
Turn   | Place    | Note
-------+----------+-------------------------------------------
     0 | D:1      | sammy202020 the Minotaur Fighter began the quest for the
                  | Orb.
     0 | D:1      | Reached XP level 1. HP: 19/19 MP: 0/0
   255 | D:1      | Reached XP level 2. HP: 26/27 MP: 1/1
  1123 | D:2      | Reached XP level 3. HP: 33/33 MP: 2/2
  1204 | D:2      | Found a shimmering altar of Xom.
  1531 | D:2      | Reached skill level 1 in Dodging
  2198 | D:3      | Reached XP level 4. HP: 37/40 MP: 3/3
  2334 | D:3      | Found a sacrificial altar of Ru.
  2367 | D:3      | Found a blossoming altar of Fedhas.
  2553 | D:4      | Reached XP level 5. HP: 19/47 MP: 4/4
  2564 | D:4      | Killed from afar by an orc priest

Illustrated notes

Levels and vault maps discovered:
D:1:      amcnicky_arrival_feature_with_door, layout_loops_corners
D:2:      layout_basic, basic_altar
D:3:      layout_rooms, general_overflow_altar, nicolae_overflow_hidden_temple,
          corexii_hall_statues_i
D:4:      layout_rooms, tso_metal_star, minmay_temple_entry_gardened_gates,
          minivault_4

Skill      XL: |  1  2  3 |
---------------+----------+-----
Fighting       | 4 |  4.6
Axes           | 3 |  3.9
Shields        | 4 |  4.5
Armour         | 4 |  4.5
Dodging        | 1 |  1.9

Action                   |  1- 3 |  4- 6 || total
-------------------------+-------+-------++-------
Melee: War axe           |    90 |    57 ||   147
       Headbutt          |    10 |     4 ||    14
  Use: Potion            |       |     1 ||     1
Armor: Scale mail        |    43 |     9 ||    52
       Plate armour      |       |    37 ||    37
Dodge: Dodged            |    41 |    22 ||    63
Block: Buckler           |    17 |    12 ||    29

Table legend: (Time is in decaauts)
 A = Elapsed time spent in this place.
 B = Non-inter-level travel time spent in this place.
 C = Inter-level travel time spent in this place.
 D = Time resting spent in this place.
 E = Time spent auto-exploring this place.
 F = Levels seen in this place.
 G = Mean time per level.
                   A        B        C        D        E       F      G
               +--------+--------+--------+--------+--------+-----+--------+
         Total |   2619 |   2595 |     24 |      0 |   2035 |   4 |  654.8 |
       Dungeon |   2619 |   2595 |     24 |      0 |   2035 |   4 |  654.8 |
               +--------+--------+--------+--------+--------+-----+--------+

Top non-repeatable levels by time:
     D:2: 1276 daAuts
     D:1: 921 daAuts
     D:3: 261 daAuts
     D:4: 159 daAuts
